 Dungeon Crawl Stone Soup version 0.28-a0-724-g66f9036eb4 (webtiles) character file.

Game seed: 6548731994545598969

851 Grim the Scholar of Death (level 7, 0/38 HPs)
             Began as a Deep Elf Necromancer on Oct 26, 2021.
             Was a Follower of Kikubaaqudgha.
             Slain by an orc warrior (12 damage)
             ... on level 5 of the Dungeon.
             The game lasted 00:19:13 (8236 turns).

Grim the Scholar of Death (Deep Elf Necromancer)    Turns: 8236, Time: 00:19:14

Health: 0/38       AC:  3    Str:  7    XL:     7   Next: 69%
Magic:  8/13       EV: 12    Int: 20    God:    Kikubaaqudgha [*.....]
Gold:   128        SH:  0    Dex: 15    Spells: 3/12 levels left

rFire   . . .      SeeInvis .   q - staff of death
rCold   + . .      Faith    .   (no shield)
rNeg    + . .      Spirit   .   a - +0 robe
rPois   .          Reflect  .   h - +0 helmet
rElec   .          Harm     .   (no cloak)
rCorr   .          Rampage  .   (no gloves)
Will    .....                   (no boots)
Stlth   ++........              (no amulet)
HPRegen 0.12/turn               e - ring of protection from cold
MPRegen 0.13/turn               (no ring)

@: no status effects
A: no striking features
a: Renounce Religion, Receive Corpses


You were on level 5 of the Dungeon.
You worshipped Kikubaaqudgha.
Kikubaaqudgha was aware of your devotion.
You visited 2 branches of the dungeon, and saw 6 of its levels.

You collected 128 gold pieces.

Inventory:

Hand Weapons
 d - a +0 short sword
 n - a +0 rapier
Missiles
 b - 2 boomerangs (quivered)
 i - 4 javelins
 w - a throwing net
Armour
 a - a +0 robe (worn)
 h - a +0 helmet (worn)
Magical Staves
 q - a staff of death (weapon)
Jewellery
 e - a ring of protection from cold (left hand)
 p - a +4 ring of evasion
Wands
 m - a wand of mindburst (8)
Scrolls
 c - 2 scrolls of fog
 g - a scroll of fear {unknown}
 o - a scroll of teleportation {unknown}
 r - a scroll of brand weapon {unknown}
 s - a scroll of enchant armour {unknown}
 t - a scroll of immolation {unknown}
 v - a scroll of identify {unknown}
 x - a scroll of holy word {unknown}
Potions
 f - 3 potions of curing {unknown}
 j - a potion of cancellation
 k - 2 potions of flight
 l - a potion of heal wounds {unknown}
 u - a potion of resistance {unknown}
 z - a potion of invisibility {unknown}


   Skills:
 + Level 1.6 Fighting
 - Level 3.1 Staves
 - Level 2.4 Dodging
 - Level 2.4 Stealth
 - Level 3.0 Spellcasting
 * Level 10.4 Necromancy


You had 3 spell levels left.
You knew the following spells:

 Your Spells              Type           Power      Damage    Failure   Level
a - Pain                  Necr           100%       1d9       1%          1
b - Animate Skeleton      Necr           100%       N/A       1%          1
c - Vampiric Draining     Necr           30%        2d10      1%          3
d - Animate Dead          Necr           30%        N/A       1%          4

Your spell library contained the following spells:

 Spells                   Type           Power      Damage    Failure   Level
 Sublimation of Blood     Necr           30%        N/A       1%          2
 Agony                    Necr           61%        N/A       5%          5


Dungeon Overview and Level Annotations

Branches:
Dungeon (5/15)             Temple (1/1) D:4

Altars:
Ashenzari
Cheibriados
Dithmenos
Fedhas
Gozag
Hepliaklqana
Kikubaaqudgha
Makhleb
Okawaru
Ru
Sif Muna
Trog
Wu Jian
The Shining One

Shops:
D:3 *

Annotations:
D:4 Robin


Message History

An adder, an orc, an orc warrior and an orc wizard come into view.
The orc shouts!
Casting: Pain (safe; 1% risk of failure)
Confirm with . or Enter, or press ? or * to list all spells.
Aiming: Pain (safe; 1% risk of failure)
Press: ? - help, Shift-Dir - straight line, f - adder
Aim: an adder (wandering, hasn't noticed you, chance to affect: 89%)
You feel a surge of power!
The adder hisses angrily.
The adder writhes in agony.
The orc wizard shouts!
Casting: Pain (safe; 1% risk of failure)
Confirm with . or Enter, or press ? or * to list all spells.
Aiming: Vampiric Draining (safe; 1% risk of failure)
Press: ? - help, Shift-Dir - straight line, f - orc warrior, p - adder
Aim: an orc warrior, wielding a +0 scimitar and wearing a +0 chain mail You feel a surge of power!
You draw life force from the orc warrior.
You feel life coursing into your body.
The orc warrior hits you with a +0 scimitar!
Casting: Vampiric Draining (safe; 1% risk of failure)
Confirm with . or Enter, or press ? or * to list all spells.
Aiming: Vampiric Draining (safe; 1% risk of failure)
Press: ? - help, Shift-Dir - straight line, f/p - orc warrior
Aim: an orc warrior, wielding a +0 scimitar and wearing a +0 chain mail (lightly wounded)
You feel a surge of power!
You draw life force from the orc warrior.
You feel life coursing into your body.
The orc warrior hits you with a +0 scimitar!
* * * LOW HITPOINT WARNING * * *
There is an open door here.
Okay, then.
As you read the scroll labelled BEJ MOUMUKHECK, it crumbles to dust.
The scroll dissolves into smoke.
It was a scroll of fog.
The orc warrior barely misses you. The adder closely misses you.
You open the door. The adder misses you.
The orc warrior hits you with a +0 scimitar!
You die...
Kikubaaqudgha rasps: "You have failed me!
Welcome... death!"

######.# #.......# ####......#
#.#####.# ........#.# #.# #[#
####.#<.#.###.# #.#
...).)..#.....# #.#
####....####### #.# ###
.............# ####'## ....
#####....)##.###§oo§§#######.....
..........)....'@S§§§oo....'.....
#.####....##.###§§§§.#######.....
#.# ##'####.######.## .... #.#
#.####......#.# ##### ####
#)#####.##......#.#.####...###...
#>.......'......'......)....##.##
##########......#.#.####.....#.##
. ................#.# #...#+#.##
###################.# #.......##


You could see an orc warrior, an orc wizard and an adder.

Vanquished Creatures
  Sigmund (D:4)
  An orc warrior (D:4)
  An ogre (D:5)
  A scorpion (D:4)
  A centaur skeleton (D:5)
  2 orc priests
  A gnoll shaman (D:4)
  A hound (D:4)
  Jessica (D:3)
  2 iguanas (D:4)
  2 gnolls (D:4)
  A howler monkey skeleton (D:4)
  5 adders
  An adder skeleton (D:4)
  A worm (D:3)
  5 dart slugs
  13 orcs
  12 ball pythons
  3 bats
  6 endoplasms
  3 giant cockroaches
  12 goblins
  7 hobgoblins
  6 jackals
  4 quokkas
  6 kobolds
  3 rats
102 creatures vanquished.

Vanquished Creatures (collateral kills)
  A gnoll (D:4)
  A goblin (D:2)
  3 hobgoblins (D:4)
  A quokka (D:3)
6 creatures vanquished.

Vanquished Creatures (others)
  A plant (D:3)
1 creature vanquished.

Grand Total: 109 creatures vanquished

Notes
Turn   | Place    | Note
-------+----------+-------------------------------------------
     0 | D:1      | Grim the Deep Elf Necromancer began the quest for the Orb.
     0 | D:1      | Reached XP level 1. HP: 10/10 MP: 6/6
    44 | D:1      | Reached skill level 5 in Necromancy
   165 | D:1      | Reached XP level 2. HP: 4/15 MP: 0/8
   979 | D:1      | Learned a level 1 spell: Animate Skeleton
  1216 | D:1      | Reached skill level 6 in Necromancy
  1493 | D:2      | Reached XP level 3. HP: 17/19 MP: 6/9
  2485 | D:2      | Reached XP level 4. HP: 23/24 MP: 8/10
  2784 | D:2      | Learned a level 3 spell: Vampiric Draining
  2959 | D:3      | Found a faded altar of an unknown god.
  3038 | D:3      | Reached skill level 7 in Necromancy
  3307 | D:3      | Noticed Jessica
  3312 | D:3      | Killed Jessica
  3426 | D:3      | Found Quwaa's General Store.
  3902 | D:4      | Found a staircase to the Ecumenical Temple.
  3906 | D:4      | Reached XP level 5. HP: 26/28 MP: 8/11
  3979 | Temple   | Entered the Ecumenical Temple
  4079 | Temple   | Became a worshipper of Kikubaaqudgha
  4206 | D:4      | Noticed Robin
  4229 | D:4      | Noticed Sigmund
  4265 | D:4      | Reached skill level 1 in Staves
  4732 | D:4      | Reached skill level 8 in Necromancy
  5202 | D:4      | Reached XP level 6. HP: 32/32 MP: 4/12
  5297 | D:4      | Learned a level 4 spell: Animate Dead
  5441 | D:4      | Noticed an orc warrior
  5494 | D:4      | Killed an orc warrior
  5597 | D:4      | Reached skill level 9 in Necromancy
  6080 | D:4      | Killed Sigmund
  6081 | D:4      | Reached XP level 7. HP: 36/36 MP: 5/13
  6753 | D:4      | Reached * piety under Kikubaaqudgha
  6753 | D:4      | Received a gift from Kikubaaqudgha
  7271 | D:5      | Entered Level 5 of the Dungeon
  7323 | D:5      | Reached skill level 1 in Fighting
  7323 | D:5      | Reached skill level 10 in Necromancy
  7951 | D:5      | Found a broken altar of Ashenzari.
  8236 | D:5      | Slain by an orc warrior

Illustrated notes

Levels and vault maps discovered:
D:1:      elethiomel_arrival_maze, layout_basic, hangedman_abyss_or_decor_stabs
D:2:      minmay_evil_eye, layout_loops_corners, chequers_serial_rivers_room_b,
          serial_bayou_pond_c
D:3:      layout_basic, serial_shops, shop, shapermc_ecumenical_altar_acropolis,
          uniq_jessica
D:4:      layout_loops_corners, temple_fountains, grunt_ministairs_5,
          fountainhead, minmay_checkerbox, uniq_sigmund, uniq_robin
D:5:      layout_basic, nicolae_ashenzari_skybound
Temple:   dshaligram_water_room_temple

Skill      XL: |  1  2  3  4  5  6  7 |
---------------+----------------------+-----
Necromancy     | 5 6 7 8 9 10 | 10.4
Staves         | 1 3 |  3.1
Fighting       | 1 |  1.6
Dodging        | |  2.4
Stealth        | |  2.4
Spellcasting   | |  3.0

Action                   |  1- 3 |  4- 6 |  7- 9 || total
-------------------------+-------+-------+-------++-------
Melee: Short sword       |     2 |       |       ||     2
       Rapier            |     1 |       |       ||     1
       Staff             |       |    21 |    21 ||    42
Throw: Boomerang         |    31 |    23 |    20 ||    74
 Cast: Pain              |    51 |    98 |    35 ||   184
       Animate Skeleton  |     3 |    10 |       ||    13
       Vampiric Draining |       |    10 |    11 ||    21
       Animate Dead      |       |     3 |     2 ||     5
  Use: Potion            |       |     3 |       ||     3
       Scroll            |       |       |     1 ||     1
Armor: Robe              |     1 |    11 |    16 ||    28
Dodge: Dodged            |     5 |    43 |    26 ||    74

Table legend: (Time is in decaauts)
 A = Elapsed time spent in this place.
 B = Non-inter-level travel time spent in this place.
 C = Inter-level travel time spent in this place.
 D = Time resting spent in this place.
 E = Time spent auto-exploring this place.
 F = Levels seen in this place.
 G = Mean time per level.
                   A        B        C        D        E       F      G
               +--------+--------+--------+--------+--------+-----+--------+
         Total |   8255 |   8063 |    192 |   3405 |   3500 |   6 | 1375.8 |
       Dungeon |   8142 |   7950 |    192 |   3405 |   3500 |   5 | 1628.4 |
        Temple |    112 |    112 |      0 |      0 |      0 |   1 |  112.0 |
               +--------+--------+--------+--------+--------+-----+--------+

Top non-repeatable levels by time:
     D:4: 2134 daAuts
     D:2: 1788 daAuts
     D:3: 1759 daAuts
     D:1: 1491 daAuts
     D:5: 968 daAuts
  Temple: 112 daAuts
